Selects Luftwaffe Battlegroup
Selects Luftwaffe Pioneer Support
Fallschirmpioneer Squad Paradrop
Construct Infanterie Kompanie
Fallschirmpioneer Squad Paradrop
Infanterie Officer Quarters
Fallschirmpioneer Squad Paradrop
Construct Panzergrenadier Kompanie
Fallschirmpioneer Squad Paradrop
Nebelwerfer 42 Rocket Launcher Team
Selects Flak 38 Anti-Air Emplacement
Panzergrenadier Officer Quarters
Selects Infantry Reserves
Selects Stuka Strafing Run
Selects Fallschirmjäger Squad Paradrop
Selects Fallschirmjäger Squad Paradrop
Fallschirmjäger Squad Paradrop
Fallschirmjäger Squad Paradrop
Fallschirmpioneer Squad Paradrop
Fallschirmjäger Squad Paradrop
Fallschirmpioneer Squad Paradrop